Map: Pylon LE

Players

KimChiLoVer - Winner!

  • Race: Terran Terran
  • League: Diamond
  • Spawn Location: 5:00

A.I. 1 (Elite)

  • Race: Zerg Zerg
  • Spawn Location: 11:00

VOD

Have the link to the VOD?

Description

Time

  • Played on: Aug. 17, 2025, 1:52 p.m.
  • Length: 10:24
Show
View Real Time Build Order
Export as new Build Order

KimChiLoVer Terran - Winner!

Build Orders: Reaper Expand 

Get SALT Encoding   

  12  0:00  SCV  
  13  0:13  SCV  
  14  0:17  Supply Depot  
  14  0:25  SCV  
  15  0:39  SCV  
  15  0:40  Barracks  
  16  0:47  Refinery  
  16  0:51  SCV  
  17  1:03  SCV  
  18  1:15  SCV  
  19  1:27  Orbital Command  
  19  1:30  Reaper  
  20  1:41  Command Center  
  20  1:51  Supply Depot  
  20  1:54  SCV  
  21  2:02  Marine  
  21  2:08  Factory  
  22  2:10  SCV  
  23  2:21  Refinery  
  23  2:22  SCV  
  24  2:25  Barracks Reactor  
  24  2:34  SCV  
  24  2:35  Barracks  
  25  2:40  Barracks  
  25  2:46  SCV  
  26  2:53  Orbital Command  
  26  2:55  Factory Tech Lab  
  26  2:58  SCV  
  27  3:10  SCV  
  28  3:22  SCV  
  28  3:25  Command Center  
  29  3:32  Marine  
  29  3:34  Marine  
  30  3:35  Stimpack  
  30  3:41  Starport  
  30  3:43  SCV  
  30  3:44  Factory Reactor  
  31  3:50  Marine  
  31  3:51  Marine  
  33  3:55  SCV  
  33  3:56  SCV  
  33  4:01  Engineering Bay  
  35  4:04  Marine, Engineering Bay  
  35  4:05  Marine  
  35  4:09  SCV  
  38  4:11  SCV  
  39  4:18  Supply Depot  
  39  4:27  SCV  
  39  4:28  SCV  
  41  4:32  Marine, Factory Tech Lab  
  41  4:35  Terran Infantry Weapons Level 1, Terran Infantry Armor Level 1  
  42  4:39  Barracks  
  42  4:40  SCV  
  42  4:43  SCV, Barracks  
  44  4:46  Orbital Command  
  44  4:50  Medivac  
  46  4:53  Medivac  
  46  4:56  SCV  
  46  4:57  SCV  
  50  5:03  Barracks Tech Lab  
  50  5:07  Supply Depot  
  50  5:11  Marine, Armory  
  50  5:14  Marine x2, Orbital Command  
  52  5:19  Refinery  
  52  5:20  SCV, Refinery  
  52  5:21  SCV  
  55  5:29  Marine  
  55  5:31  Marine  
  55  5:33  Supply Depot, SCV x2  
  55  5:34  Supply Depot  
  59  5:40  Barracks Reactor, Barracks Tech Lab  
  59  5:43  Medivac  
  59  5:45  SCV  
  59  5:49  Marine x4  
  66  5:50  SCV  
  67  6:01  SCV  
  67  6:02  SCV  
  67  6:03  Siege Tank  
  72  6:07  Marine x4, SCV  
  77  6:13  SCV  
  77  6:14  SCV  
  79  6:19  SCV  
  79  6:24  Combat Shield, Marine  
  79  6:25  Marine x2, SCV, Marauder, Concussive Shells  
  86  6:26  SCV, Medivac  
  86  6:31  SCV  
  90  6:35  Terran Infantry Weapons Level 2  
  90  6:36  Barracks  
  90  6:37  SCV  
  90  6:38  Barracks  
  90  6:39  Barracks  
  91  6:42  Marine x2, Supply Depot  
  91  6:43  Supply Depot  
  93  7:03  Marine x4, SCV x2  
  90  7:14  Marine, Marauder x2  
  90  7:15  Siege Tank  
  96  7:21  Marine x4, Medivac x2  
  103  7:32  Marine  
  103  7:35  Marine  
  106  7:37  Marauder  
  106  7:39  Marine x3  
  106  7:43  Marauder  
  106  7:47  SCV  
  106  7:50  Marine  
  106  7:51  Medivac  
  106  7:53  Marine  
  106  7:55  Terran Infantry Armor Level 2  
  109  7:59  Barracks Reactor, Barracks Tech Lab x2  
  109  8:25  Supply Depot, Command Center  
  109  8:28  Supply Depot  
  109  8:29  Supply Depot  
  109  8:46  Marine x6, Marauder  
  117  8:49  Marine x3, Siege Tank  
  117  8:50  Marauder  
  110  9:04  Marine x6  
  110  9:07  Marine x4  
  122  9:10  Marine  
  113  9:21  Marine x5  
  113  9:22  Marauder  
  105  9:25  Marine x3, Medivac x2  
  105  9:26  Marauder  
  105  9:29  Marauder  
  100  9:39  Marine x4  
  100  9:40  Marauder  
  100  9:43  Marine, Siege Tank, Marauder  
  107  9:47  Marauder  
  107  9:50  Marauder  
  114  10:01  Marauder  
Show
View Real Time Build Order
Export as new Build Order

A.I. 1 (Elite) Zerg 

Build Orders: Hatch First 

Get SALT Encoding   

  12  0:00  Drone  
  13  0:12  Overlord  
  13  0:16  Drone  
  14  0:30  Drone x2  
  14  0:34  Drone  
  17  0:52  Hatchery  
  17  0:54  Drone  
  17  1:09  Spawning Pool  
  17  1:11  Drone  
  17  1:14  Extractor  
  17  1:16  Drone  
  17  1:20  Drone  
  18  1:27  Drone  
  19  1:38  Overlord  
  19  1:49  Drone  
  20  1:56  Queen  
  20  1:59  Zergling x2  
  23  2:04  Drone  
  24  2:15  Queen  
  26  2:18  Drone  
  27  2:31  Roach Warren  
  27  2:32  Extractor  
  27  2:34  Drone  
  27  2:36  Drone  
  27  2:44  Overlord  
  27  2:46  Drone  
  27  2:50  Drone  
  29  2:53  Drone  
  29  2:56  Drone  
  31  3:00  Drone  
  31  3:04  Zergling x2  
  33  3:08  Zergling x2  
  33  3:12  Roach  
  36  3:15  Roach  
  36  3:19  Roach  
  40  3:23  Roach  
  40  3:25  Drone  
  43  3:29  Drone  
  44  3:36  Overlord  
  44  3:43  Lair  
  44  3:47  Metabolic Boost  
  44  3:54  Drone  
  44  3:55  Drone  
  46  3:57  Drone  
  46  3:59  Drone  
  46  4:02  Drone  
  49  4:03  Drone  
  49  4:06  Drone  
  51  4:10  Overlord  
  51  4:12  Drone  
  52  4:17  Evolution Chamber  
  52  4:18  Drone  
  52  4:21  Evolution Chamber  
  52  4:23  Drone  
  52  4:28  Drone x2  
  54  4:32  Drone  
  54  4:34  Drone  
  54  4:35  Drone  
  54  4:38  Drone  
  58  4:42  Infestation Pit  
  58  4:43  Drone  
  58  4:44  Zerg Missile Weapons Level 1  
  58  4:48  Zerg Ground Armor Level 1  
  58  4:51  Overlord  
  58  4:54  Overlord  
  58  4:57  Drone  
  58  4:58  Zergling x2  
  60  5:10  Roach x2, Extractor  
  60  5:11  Drone  
  60  5:13  Hydralisk Den, Drone  
  64  5:15  Drone  
  64  5:16  Drone  
  64  5:19  Overlord  
  67  5:21  Drone  
  67  5:29  Infestor  
  67  5:31  Extractor  
  67  5:33  Drone x3  
  71  5:36  Roach  
  71  5:38  Overlord  
  71  5:39  Roach  
  71  5:41  Hydralisk  
  71  5:42  Roach  
  79  5:47  Hydralisk  
  81  5:51  Roach  
  81  5:54  Drone  
  81  5:56  Drone  
  85  6:00  Overlord  
  85  6:01  Drone  
  86  6:06  Infestor  
  88  6:12  Hatchery  
  88  6:13  Drone, Ravager  
  88  6:16  Roach  
  91  6:18  Overlord  
  91  6:22  Ravager  
  91  6:25  Roach  
  94  6:29  Hydralisk  
  96  6:34  Hydralisk  
  96  6:37  Overlord  
  98  6:40  Baneling Nest  
  97  6:55  Infestor  
  97  6:56  Spine Crawler  
  97  6:57  Drone x2  
  97  6:59  Drone  
  97  7:01  Drone x4  
  95  7:02  Drone  
  95  7:09  Overseer  
  95  7:20  Infestation Pit  
  95  7:21  Drone  
  95  7:24  Drone x2  
  95  7:25  Drone x5  
  95  7:28  Queen  
  95  7:29  Drone x2  
  103  7:30  Drone  
  103  7:34  Drone  
  103  7:35  Drone  
  103  7:36  Extractor  
  103  7:37  Drone  
  103  7:41  Baneling  
  99  7:45  Zergling x2  
  99  7:46  Zergling x2  
  99  7:48  Drone  
  102  7:56  Drone x2, Extractor  
  102  7:58  Drone x2, Overlord  
  105  7:59  Drone  
  106  8:06  Drone  
  106  8:07  Drone  
  106  8:10  Drone  
  109  8:16  Glial Reconstitution  
  109  8:17  Drone, Spine Crawler  
  109  8:18  Drone  
  110  8:21  Drone  
  110  8:22  Spine Crawler  
  110  8:23  Pneumatized Carapace  
  110  8:25  Queen  
  112  8:27  Overlord  
  112  8:29  Drone  
  112  8:32  Drone  
  114  8:38  Drone  
  114  8:39  Drone  
  116  8:42  Drone  
  115  8:50  Overlord  
  115  8:53  Drone  
  106  8:59  Spore Crawler  
  106  9:01  Drone  
  106  9:02  Spore Crawler  
  99  9:04  Drone  
  100  9:12  Drone  
  98  9:22  Zergling x2  
  66  9:33  Zergling x2  
  46  9:44  Zergling x2  
  16  9:54  Drone  
Tags
 
Add a new tag
Caveats
  • Supply blocks, unpowered buildings, or Contaminate may cause inaccurate times.
  • Supply counts are checked every 10 seconds.